AoeStats
← 阿伟

Nomad

510965273Analyzed
2v2 RM · 5h ago on Oct 3, 2026· 32m 39s· 4 players
Game mode
Random Map
Map size
176×176
Population
200
Speed
Normal
Resources
Standard
Victory
Conquest
Starting age
Dark Age
Ending age
Imperial Age
RankedLock teamsTeams togetherTeam positionsShared explorationLock speedFull tech treeHidden civsTurbo modeCheats
Victory
Defeat
🇸🇪 Britons · Sweden
1557
+12
🇨🇳 Mongols · China
1501
+14
🇸🇪 Persians · Sweden
1474
-13
🇨🇳 Spanish · China
1474
-13
amaoko21
4:30 Loom
13:25 Feudal Age
14:31 Double-Bit Axe
17:38 Fishing Lines
18:16 Fletching
23:26 Castle Age
23:14 Bloodlines
23:11 Scale Barding Armor
24:36 Bow Saw
25:57 Forging
27:40 Medium Warships
28:41 Iron Casting
28:46 Horse Collar
30:24 Gillnets
31:14 Wheelbarrow
30:48 Heavy Plow
无助小羊
3:07 Loom
17:46 Feudal Age
25:31 Castle Age
26:08 Town Watch
TheSonder
8:18 Loom
12:18 Feudal Age
16:11 Castle Age
15:37 Double-Bit Axe
17:55 Wheelbarrow
18:14 Bow Saw
23:22 Medium Warships
26:03 Fletching
25:58 Horse Collar
27:32 Fishing Lines
28:02 Demolition Ship
32:15 Imperial Age
31:08 Bodkin Arrow
31:23 Stone Mining
31:24 Gold Mining
32:01 Hand Cart
33:12 Ballistics
33:09 Bracer
阿伟
3:47 Loom
19:52 Feudal Age
20:25 Double-Bit Axe
24:32 Castle Age
23:35 Fishing Lines
24:39 Stone Mining
25:24 Town Watch
26:14 Wheelbarrow
27:13 Horse Collar
29:02 Wheelbarrow
29:43 Stone Shaft Mining
33:02 Bow Saw
Connection lost

Rejoining the realm…

Still unreachable

The connection could not be restored.

Session expired

The server has moved on; the page needs a fresh start.